Unix NetHack Version 5.0.0-0 post-release - last build May 10 2026 23:12:36 (d1fa5d53e341ca933230fdaa984d921c805b60aa,branch:main).

Game began 2026-05-15 21:33:22, ended 2026-05-15 21:47:26.

ArrBianca, lawful female human Valkyrie

              --------
              .......|
              |......|                                    ---------
              |...r@q.##0###############  ################........|
              ....=..|##########################          |.......|
              ----.---#       # #                         |...<...|
                                                          |.......|
                                                          ---------

ArrBianca the Skirmisher    St:18 Dx:10 Co:17 In:9 Wi:9 Ch:9  Lawful
Dlvl:6  $:45 HP:0(40) Pw:14(14) AC:5  Xp:5 T:2300 

Latest messages:
 The rock mole bites!
 You miss the rock mole.
 The rock mole misses!
 You hit the rock mole!
 The rothe hits!
 The rothe bites!
 The rothe bites again!
 You miss the rock mole.
 The rothe hits!
 The rothe bites!
 The rothe bites again!
 What do you want to drink? [huzD or ?*] ?
 You feel better.
 The rock mole bites!
 The rothe hits!
 The rothe bites!
 The rothe bites again!
 You hit the rothe!
 The rothe hits!
 The rothe bites!
 The rothe bites again!
 You hit the rothe.
 The rothe hits!
 The rothe misses!
 The rothe misses!
 You miss the rothe.
 You miss the rothe.
 You kill the rothe!
 Your leg feels better.
 You miss the rock mole.
 You miss the rock mole.
 The rock mole just misses!
 You miss the rock mole.
 You miss the rock mole.
 You miss the rock mole.
 You miss the rock mole.
 You miss the rothe.
 You miss the rothe.
 You kill the rothe!
 You hit the rock mole!
 The rothe hits!
 The rothe misses!
 The rothe bites!
 You miss the rothe.
 You miss the rothe.
 The rothe hits!
 The rothe bites!
 The rothe bites again!
 You die...
 Do you want an account of creatures vanquished? [ynaq] (y) q

Inventory:
 Coins    ('$')
  $ - 45 gold pieces
 Weapons  (')')
  F - 11 +0 darts (at the ready)
  b - a +0 dagger (alternate weapon; not wielded)
  o - 5 +0 daggers
  n - a +0 orcish dagger
  a - a +1 spear (weapon in right hand)
 Armor    ('[')
  B - an uncursed +1 orcish helm (being worn)
  c - an uncursed burnt +3 small shield (being worn)
 Comestibles  ('%')
  d - 3 uncursed food rations
 Scrolls  ('?')
  C - an uncursed scroll of amnesia
  p - an uncursed scroll of blank paper
  s - an uncursed scroll of confuse monster
  w - an uncursed scroll of identify
 Spellbooks  ('+')
  y - an uncursed spellbook of blank paper
  t - an uncursed spellbook of detect monsters
  g - an uncursed spellbook of jumping
  j - an uncursed spellbook of knock
 Potions  ('!')
  z - an uncursed potion of extra healing
  h - 4 uncursed potions of healing
  D - a blessed potion of see invisible
 Rings    ('=')
  f - an uncursed ring of shock resistance
  k - an uncursed ring of slow digestion
 Wands    ('/')
  l - a wand of light (0:14)
  r - a wand of light (0:14)
 Tools    ('(')
  A - an expensive camera (0:57)
  x - an uncursed tin opener

ArrBianca the Valkyrie's attributes:

Background:
 You were a Skirmisher, a level 5 human Valkyrie.
 You were lawful, on a mission for Tyr
 who was opposed by Odin (neutral) and Loki (chaotic).
 You were right-handed.
 You were in the Dungeons of Doom, on level 6.
 You entered the dungeon 2300 turns ago.
 You had 210 experience points, 110 more were needed to attain level 6.

Basics:
 You had 0 out of 40 hit points.
 You had all 14 energy points (spell power).
 Your armor class was 5.
 Your wallet contained 45 zorkmids.
 Autopickup was on for '$?!/="+%' plus thrown, with exceptions.

Final Characteristics:
 Your strength was 18 (peak:18/03, limit:18/100).
 Your dexterity was 10 (limit:18).
 Your constitution was 17 (limit:18).
 Your intelligence was 9 (limit:18).
 Your wisdom was 9 (limit:18).
 Your charisma was 9 (limit:18).

Final Status:
 You were trapped in a bear trap.
 You weren't hungry.
 You were unencumbered.
 You were wielding a spear.
 You had basic skill with spear.

Final Attributes:
 You were piously aligned.
 You were cold resistant.
 You were stealthy.
 You are dead.

Miscellaneous:
 You didn't encounter any bones levels.
 Total elapsed playing time was 14 minutes and 4 seconds.

Major events:
 Turn
    1: ArrBianca the lawful human Valkyrie entered the dungeon
  514: attained the rank of Skirmisher (level 3)
 2300: killed by a rothe

You didn't know any spells.

Skills:
 Fighting Skills
   bare handed combat [Unskilled]
   two weapon combat  [Unskilled]
   riding             [Unskilled]
 Weapon Skills
   dagger             [Basic]
   axe                [Unskilled]
   pick-axe           [Unskilled]
   short sword        [Unskilled]
   broadsword         [Unskilled]
   long sword         [Unskilled]
   two-handed sword   [Unskilled]
   saber              [Unskilled]
   hammer             [Unskilled]
   quarterstaff       [Unskilled]
   polearms           [Unskilled]
   spear              [Basic]
   trident            [Unskilled]
   lance              [Unskilled]
   sling              [Unskilled]
 Spellcasting Skills
   attack spells      [Unskilled]
   escape spells      [Unskilled]

Voluntary challenges:
 Character rerolling was not enabled.
 You were illiterate.
 You never had a pet.
 You never genocided any monsters.
 You never polymorphed an object.
 You never changed form.
 You used no wishes.
Achievements:
 You entered a shop.
 You attained the rank of Skirmisher.

 The Dungeons of Doom: levels 1 to 6
    Level 1:
    Level 2:
       A ring shop.
    Level 3:
       An altar, a grave.
    Level 4:
       A vegetarian food shop, a fountain.
    Level 5:
       A sink.
    Level 6: <- You were here.
       Final resting place for
          you, killed by a rothe.


Vanquished creatures:
  a small mimic
  a pony
  a yellow light
  a shrieker
  a paper golem
  2 floating eyes
  a kobold shaman
  2 hill orcs
  4 rothes
 an iguana
 an acid blob
  a hobgoblin
  2 gnomes
  a gecko
  4 jackals
  4 goblins
  a sewer rat
  a grid bug
  a lichen
  a kobold zombie
  2 newts
34 creatures vanquished.

No species were genocided or became extinct.

Game over:
                       ----------
                      /          \
                     /    REST    \
                    /      IN      \
                   /     PEACE      \
                  /                  \
                  |    ArrBianca     |
                  |      45 Au       |
                  |   killed by a    |
                  |      rothe       |
                  |                  |
                  |                  |
                  |       2026       |
                 *|     *  *  *      | *
        _________)/\\_//(\/(/\)/\//\/|_)_______

Farvel ArrBianca the Valkyrie...

You died in The Dungeons of Doom on dungeon level 6 with 1151 points,
and 45 pieces of gold, after 2300 moves.
You were level 5 with a maximum of 40 hit points when you died.

